 Dungeon Crawl Stone Soup version 0.28-a0-1182-g381e24db82 (webtiles) character file.

Game seed: 10713609645637880614

415 chunkyMonkey the Ogre Mage (level 6, 0/62 HPs)
             Began as an Ogre Transmuter on Dec 16, 2021.
             Slain by an ogre (18 damage)
             ... on level 4 of the Dungeon.
             The game lasted 00:13:55 (6150 turns).

chunkyMonkey the Ogre Mage (Ogre Transmuter)        Turns: 6150, Time: 00:13:55

Health: 0/62       AC:  4    Str: 17    XL:     6   Next: 92%
Magic:  7/12       EV: 10    Int: 14    God:
Gold:   186        SH:  0    Dex:  9    Spells: 5/13 levels left

rFire   . . .      SeeInvis .   p - +2 falchion (protect)
rCold   . . .      Faith    .   (no shield)
rNeg    . . .      Spirit   .   a - +0 robe
rPois   .          Reflect  .   (helmet restricted)
rElec   .          Harm     .   b - +0 cloak
rCorr   .          Rampage  .   (gloves unavailable)
Will    .....                   (boots unavailable)
Stlth   +.........              (no amulet)
HPRegen 0.20/turn               (no ring)
MPRegen 0.13/turn               (no ring)

@: no status effects
A: large, unfitting armour, tough skin 1
a: no special abilities


You were on level 4 of the Dungeon.
You visited 1 branch of the dungeon, and saw 4 of its levels.

You collected 186 gold pieces.

Inventory:

Hand Weapons
 p - a +2 falchion of protection (weapon)
Armour
 a - a +0 robe (worn)
 b - a +0 cloak (worn)
 c - a +0 tower shield
Jewellery
 n - an amulet of regeneration
Wands
 e - a wand of flame (9)
 m - a wand of charming (9)
Scrolls
 d - a scroll of teleportation {unknown}
 k - a scroll of silence {unknown}
 o - a scroll of vulnerability {unknown}
Potions
 f - 2 potions of curing {unknown}
 g - 2 potions of might {unknown}
 h - a potion of cancellation
 i - a potion of brilliance {unknown}
 j - a potion of ambrosia {unknown}
 l - a potion of degeneration {unknown}


   Skills:
 * Level 4.0 Fighting
 + Level 1.2 Armour
 * Level 3.1 Dodging
 * Level 3.8 Unarmed Combat
 * Level 4.0 Spellcasting
 + Level 2.4 Transmutations
 + Level 1.4 Poison Magic


You had 5 spell levels left.
You knew the following spells:

 Your Spells              Type           Power      Damage    Failure   Level
a - Beastly Appendage     Tmut           18%        N/A       7%          1
b - Wereblood             Tmut           9%         N/A       11%         2
c - Poisonous Vapours     Pois/Air       8%         N/A       22%         2
d - Spider Form           Tmut/Pois      8%         N/A       26%         3

Your spell library contained the following spells:

 Spells                   Type           Power      Damage    Failure   Level
 Slow                     Hex            8%         N/A       19%         1
 Corpse Rot               Necr/Air       4%         N/A       28%         2
 Confusing Touch          Hex            2%         N/A       50%         3
 Vampiric Draining        Necr           2%         2d6       50%         3
 Ice Form                 Ice/Tmut       6%         N/A       75%         4


Dungeon Overview and Level Annotations

Branches:
Dungeon (4/15)
 Temple: D:4-7

Altars:
Okawaru


Innate Abilities, Weirdness & Mutations

You are too large for most types of armour.
You have tough skin. (AC +1)


Message History

Magic restored.
HP restored.
An ogre comes into view. It is wielding a +0 giant club.
The ogre shouts!
An ogre is nearby!
An ogre is nearby!
An ogre is nearby!
Casting: Poisonous Vapours (safe; 22% risk of failure)
Confirm with . or Enter, or press ? or * to list all spells.
Aiming: Poisonous Vapours (safe; 22% risk of failure)
Press: ? - help, Dir - move target, f - ogre
Aim: an ogre, wielding a +0 giant club Poisonous vapours surround the ogre!
The ogre is poisoned.
Unknown command.
Unknown command.
Casting: Poisonous Vapours (safe; 22% risk of failure)
Confirm with . or Enter, or press ? or * to list all spells.
Aiming: Poisonous Vapours (safe; 22% risk of failure)
Press: ? - help, Dir - move target, f/p - ogre
Aim: an ogre, wielding a +0 giant club (lightly wounded, poisoned) Poisonous vapours surround the ogre!
The ogre looks even sicker.
Unknown command.
Unknown command.
Casting: Poisonous Vapours (safe; 22% risk of failure)
Confirm with . or Enter, or press ? or * to list all spells.
Aiming: Poisonous Vapours (safe; 22% risk of failure)
Press: ? - help, Dir - move target, f/p - ogre
Aim: an ogre, wielding a +0 giant club (lightly wounded, very poisoned) Poisonous vapours surround the ogre!
The ogre looks even sicker.
You barely miss the ogre.
The ogre is lightly wounded.
The ogre hits you with a +0 giant club!!
You hit the ogre.
Your weapon exudes an aura of protection.
The ogre is moderately wounded.
The ogre hits you with a +0 giant club!!
* * * LOW HITPOINT WARNING * * *
There is an open door here.
The ogre hits you with a +0 giant club!!
You die...

#...##...##.....#....#..##..
#...#...........#....#..#...
#...#..÷........#....#..#...
#...'..)........#....#..#...
#...###'###.....+....#..#...
##..#.....#####+#....####...
##..#......................#
#...#......................'
#...#......@...............#
#...#......O...............#
#...#.....#'###########....#
#...#.....#...†.......#....#
#...#.....#...........#....#
#####.....###..###..###....#
###... #..###..#####... #.
+.......... #... #..........
#...


You could see an ogre (poisoned).

Vanquished Creatures
  An ogre (D:4)
  An orc priest (D:2)
  A hound (D:4)
  A bullfrog skeleton (D:4)
  An iguana (D:3)
  2 orc wizards (D:4)
  2 hound skeletons (D:4)
  6 adders
  3 gnolls
  A worm (D:4)
  A dart slug (D:1)
  6 orcs
  4 bats
  3 endoplasms
  2 giant cockroaches
  6 hobgoblins
  3 jackals (D:4)
  3 quokkas
  2 ball pythons
  2 frilled lizards
  6 goblins
  4 kobolds
  4 rats
65 creatures vanquished.

Vanquished Creatures (others)
  16 plants (D:3)
16 creatures vanquished.

Grand Total: 81 creatures vanquished

Notes
Turn   | Place    | Note
-------+----------+-------------------------------------------
     0 | D:1      | chunkyMonkey the Ogre Transmuter began the quest for the
                  | Orb.
     0 | D:1      | Reached XP level 1. HP: 19/19 MP: 3/3
   176 | D:1      | Found a faded altar of an unknown god.
   257 | D:1      | Reached XP level 2. HP: 14/28 MP: 5/5
   260 | D:1      | Learned a level 2 spell: Wereblood
  1722 | D:1      | Learned a level 2 spell: Poisonous Vapours
  1846 | D:2      | Reached XP level 3. HP: 31/35 MP: 5/7
  2133 | D:2      | Reached XP level 4. HP: 33/44 MP: 8/8
  2141 | D:2      | Learned a level 3 spell: Spider Form
  3372 | D:3      | Reached XP level 5. HP: 53/53 MP: 6/9
  4247 | D:4      | Noticed an ogre
  4269 | D:4      | Killed an ogre
  4270 | D:4      | Reached skill level 1 in Armour
  4270 | D:4      | Reached skill level 1 in Poison Magic
  4270 | D:4      | Reached XP level 6. HP: 61/61 MP: 1/11
  4958 | D:4      | Found an iron altar of Okawaru.
  6150 | D:4      | Slain by an ogre

Illustrated notes

Levels and vault maps discovered:
D:1:      psy_arrival_fountain, layout_rooms, ebering_ecumenical_altar_mist,
          minmay_misc_feat_plants
D:2:      layout_basic
D:3:      layout_loops_ring, serial_bayou_lake_a
D:4:      layout_gridville, mainiacjoe_overflow_catwalk, minmay_misc_feat_doors

Skill      XL: |  1  2  3  4  5  6 |
---------------+-------------------+-----
Dodging        | 2 3 |  3.1
Fighting       | 2 3 4 |  4.0
Unarmed Combat | 3 |  3.8
Spellcasting   | 3 4 |  4.0
Transmutations | 2 |  2.4
Armour         | 1 |  1.2
Poison Magic   | 1 |  1.4

Action                   |  1- 3 |  4- 6 || total
-------------------------+-------+-------++-------
Melee: Unarmed           |    63 |   111 ||   174
       Kick              |    13 |    16 ||    29
       Headbutt          |     7 |     9 ||    16
       Punch             |       |     1 ||     1
       Falchion          |       |    10 ||    10
 Cast: Beastly Appendage |    21 |    19 ||    40
       Wereblood         |     1 |       ||     1
       Poisonous Vapours |       |    41 ||    41
Evoke: Wand              |       |     1 ||     1
  Use: Potion            |       |     2 ||     2
Armor: Robe              |    20 |    54 ||    74
Dodge: Dodged            |    19 |    71 ||    90

Table legend: (Time is in decaauts)
 A = Elapsed time spent in this place.
 B = Non-inter-level travel time spent in this place.
 C = Inter-level travel time spent in this place.
 D = Time resting spent in this place.
 E = Time spent auto-exploring this place.
 F = Levels seen in this place.
 G = Mean time per level.
                   A        B        C        D        E       F      G
               +--------+--------+--------+--------+--------+-----+--------+
         Total |   6179 |   6064 |    115 |   2621 |   2615 |   4 | 1544.8 |
       Dungeon |   6179 |   6064 |    115 |   2621 |   2615 |   4 | 1544.8 |
               +--------+--------+--------+--------+--------+-----+--------+

Top non-repeatable levels by time:
     D:1: 1995 daAuts
     D:4: 1715 daAuts
     D:3: 1446 daAuts
     D:2: 1022 daAuts
